Cogmind - Beta 16.1 @@@ ROGUE MODE // 2026.03.02 @ 15:53:07 Player: McSaucyNugget Result: Destroyed by G-34 Mercenary with Small Laser Performance ------------- Evolutions (1) 500 Regions Visited (2) 400 Robots Destroyed (15) 75 Value Destroyed (306) 306 Prototype IDs (0) 0 Alien Tech Used (0) 0 Bonus (0) 0 TOTAL SCORE: 1281 Bonus ------- None Cogmind --------- Core Integrity 0/400 Matter 232/300 Energy 100/100 System Corruption 2% Temperature Cool (6) Movement Walking (120) Location -9/Materials Parts ------- > --- POWER (3) -------- (None) > --- PROPULSION (2) --- Aluminum Leg > --- UTILITY (2) ------ (None) > --- WEAPON (2) ------- Light Assault Rifle > --- INVENTORY (5) ---- (None) Peak State ------------ > --- POWER ------------ Light Ion Engine > --- PROPULSION ------- Surge Thruster Surge Thruster > --- UTILITY ---------- Small Storage Unit > --- WEAPON ----------- Assault Cannon Assault Cannon > --- INVENTORY -------- Aluminum Leg [Rating: 14] Favorites ----------- Power Light Ion Engine Engine Light Ion Engine Propulsion Aluminum Leg Leg Aluminum Leg Flight Unit Surge Thruster Utility Small Storage Unit Device Seismic Detector Storage Small Storage Unit Weapon Assault Cannon Energy Gun EM Pulse Gun Ballistic Gun Light Assault Rifle Ballistic Cannon Assault Cannon Build | -11 -10 -9 ------- Run | Yrd Mat Mat Slots Evolved 2 | . . 2 Power 2 | . . 2 Propulsion . | . . . Utility . | . . . Weapon . | . . . Parts Attached 17 | 8 . 9 Power 1 | 1 . . Engine 1 | 1 . . Core . | . . . Reactor . | . . . Propulsion 6 | 2 . 4 Treads . | . . . Leg 4 | 2 . 2 Wheel . | . . . Hover . | . . . Flight 2 | . . 2 Utility 3 | 3 . . Device 2 | 2 . . Storage 1 | 1 . . Processor . | . . . Hackware . | . . . Protection . | . . . Artifact . | . . . Weapon 7 | 2 . 5 Energy Gun 4 | 2 . 2 Energy Cannon . | . . . Ballistic Gun 1 | . . 1 Ballistic Cannon 2 | . . 2 Launcher . | . . . Special Weapon . | . . . Impact Weapon . | . . . Slashing Weapon . | . . . Piercing Weapon . | . . . Special Melee Weapon . | . . . Unidentified Prototypes . | . . . Corrupted Parts 1 | 1 . . System Corruption 1 | 1 . . Parts Lost 9 | . 1 8 Power 1 | . . 1 Propulsion 3 | . . 3 Utility 1 | . 1 . Weapon 4 | . . 4 Highest Loss Streak 8 | . 1 8 To Critical Strikes . | . . . Average Backups . | . . . Power . | . . . Propulsion . | . . . Utility . | . . . Weapon . | . . . Tool/Special . | . . . Unused Backups 1 | . . 1 Power . | . . . Propulsion . | . . . Utility . | . . . Weapon 1 | . . 1 Tool/Special . | . . . Average Slot Usage (%) 59 | . 92 46 Engine 8 | . 14 6 Leg 13 | . 28 8 Flight 6 | . . 8 Device 2 | . 7 . Storage 8 | . 14 5 Energy Gun 12 | . 28 6 Ballistic Cannon 7 | . . 10 Peak Build Rating 14 | 7 7 14 Average Rating 7 | 5 6 7 On Entrance 4 | . 7 6 Avg Prop Armor Cover (%) 7 | . . 7 Naked Turns 8 | . . 8 Heaviest Build 18 | 13 13 18 Greatest Support 20 | 20 20 20 Greatest Overweight (x) 5 | . . 5 Average Overweight (x) . | . . . Largest Inventory Capacity 8 | 8 8 8 Average Capacity 7 | 7 8 6 Most Carried 5 | 5 1 3 Average Carried . | . . . Final Capacity 8 | 8 8 5 Final Carried 1 | . 1 . Class Distribution -------------------- 100% | Mutant Dominant Class ---------------- Mutant | -10/Materials Mutant | -9/Materials Resources | -11 -10 -9 ----------- Run | Yrd Mat Mat Matter Collected 433 | 280 . 153 Remotely . | . . . Salvage Created 431 | 148 81 202 Parts 32 | 12 8 12 Haulers Intercepted . | . . . Recyclers Shooed 1 | 1 . . Parts Field Recycled . | . . . Retrieved Matter . | . . . Parts Self-Destructed . | . . . Prevented . | . . . Parts Restored . | . . . Kills | -11 -10 -9 ------- Run | Yrd Mat Mat Combat Hostiles Destroyed 9 | . 4 5 Guns 4 | . 4 . Cannons 5 | . . 5 Classes Destroyed 5 | 2 2 1 Tunneler 3 | 3 . . Recycler 2 | 1 . 1 Watcher 1 | . . 1 Swarmer 3 | . 3 . Grunt 6 | . 1 5 Best Kill Streak 6 | 4 3 6 Combat Bots Only 5 | . 3 5 Max Kills in Single Turn 1 | 1 1 1 Gunslinging . | . . . Exploded . | . . . Melee . | . . . Uniques/NPCs Destroyed . | . . . Combat | -11 -10 -9 -------- Run | Yrd Mat Mat Hostile Shots Fired 142 | . 19 123 Missed 30 | . 7 23 Hits 112 | . 12 100 Projectile 112 | . 12 100 Critical Strikes 1 | . . 1 Damage Taken 1304 | . 97 1207 Core 421 | . 16 405 Absorbed by Shields . | . . . Core Remaining (%) 96 | 100 93 . Volleys Fired 55 | 10 10 35 Largest 2 | 2 2 2 Hottest 90 | 90 90 74 Shots Fired 91 | 21 19 51 Gun 58 | 21 19 18 Cannon 33 | . . 33 Launcher . | . . . Special . | . . . Kinetic 39 | . . 39 Thermal 31 | 10 9 12 Explosive . | . . . Electromagnetic 21 | 11 10 . Robot Hit Streak 6 | 6 5 6 Robot Miss Streak 7 | 6 7 3 Penetration Max . | . . . Secondary Targets . | . . . Shots Hit Robots 53 | 10 11 32 Core Hits 20 | 5 5 10 Critical Kills . | . . . Critical Parts Destroyed . | . . . Critical Strikes 4 | . . 4 Blast 4 | . . 4 Melee Attacks . | . . . Impact . | . . . Slashing . | . . . Piercing . | . . . Sneak Attacks . | . . . Combat Hostiles . | . . . Follow-up Attacks . | . . . Damage Inflicted 935 | 171 152 612 Guns 477 | 125 152 200 Cannons 412 | . . 412 Explosions 46 | 46 . . Melee . | . . . Ramming . | . . . Kinetic 449 | . . 449 Thermal 348 | 96 89 163 Explosive . | . . . Electromagnetic 138 | 75 63 . Impact . | . . . Slashing . | . . . Piercing . | . . . Highest Corruption 2 | 1 1 2 Average Corruption 1 | 1 1 2 Corruption Purged . | . . . Corruption Blocked . | . . . Effects 3 | 1 . 2 Message Errors 1 | . . 1 Data Loss (minor) 1 | . . 1 Misfires 1 | 1 . . Overload Shots . | . . . Overflow Damage . | . . . Projectiles . | . . . Explosions . | . . . Melee . | . . . Knockbacks 2 | . . 2 Impact . | . . . Kinetic 2 | . . 2 Secondary . | . . . Self-Inflicted Damage . | . . . Shots . | . . . Rammed . | . . . Targets Rammed . | . . . Kicked . | . . . Crushed . | . . . Highest Temperature 167 | 150 150 167 Average Temperature 72 | 54 65 83 Received Heat Transfer 702 | . 6 696 Siege Activations . | . . . Martial Activations . | . . . Shielding Activations . | . . . Robots Disrupted . | . . . Combat Hostiles . | . . . Robots Corrupted . | . . . Combat Hostiles . | . . . Parts Fried . | . . . Impact Corruptions . | . . . Robots Melted . | . . . Combat Hostiles . | . . . Parts Melted . | . . . Heat Transferred 828 | 198 259 371 Parts Sabotaged . | . . . Parts Stolen . | . . . Parts Stripped . | . . . Power Chain Reactions 1 | 1 . . Alert | -11 -10 -9 ------- Run | Yrd Mat Mat Maximum Alert Level . | . . . Low Security (%) 100 | 100 100 100 Level 1 . | . . . Level 2 . | . . . Level 3 . | . . . Level 4 . | . . . Level 5 . | . . . High Security . | . . . Max Security . | . . . Peak Influence 155 | 5 90 155 Initial 33 | . . 33 Average 45 | 1 35 67 Influence Increases 352 | 20 100 232 Destroy 0b10 Robot/C 180 | . 80 100 Destroy 0b10 Robot/NC 30 | 20 . 10 Destroy Leader 32 | . 20 12 Disable Machine 15 | . . 15 Destroy Structure 5 | . . 5 Lose Combat Pursuer 90 | . . 90 Influence Decreases 260 | 20 20 220 Entered New Map 47 | . . 47 Time Decay 133 | 20 20 93 Lost Part 80 | . . 80 Squads Dispatched 2 | . 1 1 Investigation . | . . . Extermination . | . . . Reinforcement 2 | . 1 1 Assault . | . . . Garrison . | . . . Intercept . | . . . Searches Triggered . | . . . Construction Impeded . | . . . Haulers Reinforced . | . . . Active Scanning Responses . | . . . Cargo Convoy Interrupts . | . . . Stealth | -11 -10 -9 --------- Run | Yrd Mat Mat Distress Signals 1 | . . 1 Communications Jammed . | . . . Distress Signals . | . . . Times Spotted 22 | . 6 16 Peak Tracking Total 6 | . 3 6 Tactical Retreats 1 | . . 1 Traps | -11 -10 -9 ------- Run | Yrd Mat Mat Traps Triggered 1 | . . 1 Indirectly . | . . . Trap Hack Attempts . | . . . Triggered . | . . . Disarmed . | . . . Reprogrammed . | . . . Reused . | . . . Traps Extracted . | . . . Installed . | . . . Triggered . | . . . Machines | -11 -10 -9 ---------- Run | Yrd Mat Mat Machines Disabled 1 | . . 1 Max in Single Turn 1 | . . 1 Machines Repaired . | . . . Machines Dismantled . | . . . Machines Sabotaged . | . . . Overloaded Fab Kills . | . . . Hacking | -11 -10 -9 --------- Run | Yrd Mat Mat Machines Accessed . | . . . Terminals . | . . . Fabricators . | . . . Repair Stations . | . . . Recycling Units . | . . . Scanalyzers . | . . . Garrison Access . | . . . Total Hacks . | . . . Successful . | . . . Failed . | . . . Catastrophic . | . . . Database Lockouts . | . . . Manual . | . . . Terminals . | . . . Fabricators . | . . . Repair Stations . | . . . Recycling Units . | . . . Scanalyzers . | . . . Garrison Access . | . . . Terminal Hacks . | . . . Fabricator Hacks . | . . . Repair Station Hacks . | . . . Recycling Unit Hacks . | . . . Scanalyzer . | . . . Garrison Access Hacks . | . . . Unauthorized Hacks . | . . . Terminals . | . . . Fabricators . | . . . Repair Stations . | . . . Recycling Units . | . . . Scanalyzers . | . . . Garrison Access . | . . . Data Cores Recovered . | . . . Used . | . . . Hacking Detections . | . . . Full Trace Events . | . . . Feedback Events . | . . . Feedback Blocked . | . . . Robot Schematics Acquired . | . . . Robots Built . | . . . Authchips . | . . . Time . | . . . Total Robot Build Rating . | . . . Part Schematics Acquired . | . . . Parts Built . | . . . Authchips . | . . . Time . | . . . Total Part Build Rating . | . . . Part Studies Acquired . | . . . Parts Repaired . | . . . Time . | . . . Parts Recycled . | . . . Recycled Matter . | . . . Retrieved Matter . | . . . Retrieved Components . | . . . Parts Scanalyzed . | . . . Part Schematics Acquired . | . . . Parts Damaged . | . . . Bothacking | -11 -10 -9 ------------ Run | Yrd Mat Mat Used RIF Installer . | . . . Robots Hacked . | . . . Non-combat . | . . . Combat . | . . . Robot Hacks Applied . | . . . Relay Couplers Released . | . . . Fabnet Peak Effective % . | . . . Robots Rewired . | . . . Allies Hacked . | . . . Hacks Repelled . | . . . Allies | -11 -10 -9 -------- Run | Yrd Mat Mat Total Allies . | . . . Largest Group . | . . . Highest-Rated Group . | . . . Highest-Rated Ally . | . . . Total Orders . | . . . Ally Attacks . | . . . Total Damage . | . . . Kills . | . . . Allies Corrupted . | . . . Allies Melted . | . . . Intel | -11 -10 -9 ------- Run | Yrd Mat Mat Active Infowar (turns) 68 | 31 37 . Seismic 68 | 31 37 . Robot Analysis Total . | . . . Derelict Logs Recovered . | . . . Drone Launches . | . . . Drone Recoveries . | . . . Exploration | -11 -10 -9 ------------- Run | Yrd Mat Mat Turns Passed 435 | 103 89 243 Spaces Moved 226 | 55 50 121 Core 26 | 13 . 13 Treads . | . . . Legs 144 | 42 50 52 Wheels . | . . . Hover . | . . . Flight 56 | . . 56 Fastest Speed 50 | 50 120 50 Average Speed 111 | 103 120 111 Slowest Speed 245 | 120 120 245 Overloaded Moves . | . . . Propulsion Burnouts . | . . . Robots Hopped . | . . . Potential Cave-ins . | . . . Cave-ins Triggered . | . . . Exploration Rate (%) 13 | 4 17 18 Regions Visited 2 Branch Regions . Pre-discovered Areas . | . . . Known Exits Taken . | . . . Unknown Exits Taken 2 | 1 1 . Scrap Searched . | . . . Spaces Dug 1 | . . 1 Terrain Destroyed 10 | 4 . 6 Melee . | . . . Projectile 6 | . . 6 AOE 4 | 4 . . Terrain Rammed . | . . . Walls Destroyed . | . . . Machines Disabled . | . . . Actions | -11 -10 -9 --------- Run | Yrd Mat Mat Total 325 | 82 60 183 Wait 2 | . . 2 Move 224 | 54 49 121 Hop . | . . . Pick Up 18 | 8 1 9 Fast Attach . | . . . Attach 17 | 8 . 9 Detach 2 | 1 . 1 Swap . | . . . Drop 7 | 1 . 6 Fire 55 | 10 10 35 Melee . | . . . Ram . | . . . Kick . | . . . Crush . | . . . Escape Stasis . | . . . Rewire . | . . . Trap . | . . . Miscellaneous . | . . . Route ------- -11/Scrapyard -10/Materials -9/Materials History --------- Turn | Location | Event 2 | -11/Scrapyard | Met Revision 17 6 | -11/Scrapyard | Discovered new exit (range 16) 104 | -11/Scrapyard | Entered Materials 191 | -10/Materials | Discovered new exit (range 3) 193 | -10/Materials | Entered another Materials area 193 | -9/Materials | Evolved 2 slots: Power x2 310 | -9/Materials | Build established: Mutant 381 | -9/Materials | Core integrity fell below 50% 404 | -9/Materials | Core integrity fell below 20% 436 | -9/Materials | Destroyed by G-34 Mercenary with Small Laser Last Messages --------------- 00379_ U-05 Engineer builds a Wall. 00379_ Acquired 38 matter. 00380_ Acquired Particle Gun. 00382_ K-01 Serf collects debris. 00383_ Acquired Aluminum Leg. 00386_ K-01 Serf collects debris. 00386_ Acquired 86 matter. 00390_ K-01 Serf collects debris. 00393_ W-16 Scout destroyed. 00396_ K-01 Serf collects debris. 00404_ Particle Gun destroyed. 00407_ K-01 Serf collects debris. 00407_ Acquired 29 matter. 00410_ K-01 Serf collects debris. 00413_ System corrupted: Component data lost. 00413_ K-01 Serf collects debris. 00415_ M-13 Machinist repairs G-47 Trooper. 00423_ Acquired Lgt. Assault Rifle. 00434_ Aluminum Leg destroyed. 00434_ Critical hit (Burn: +37). Map ----- +----------------------------------------------------+ | ## """ # #??????????????????????????????? | | / """ # #####??????????????????????????? | | ##### """ # #??????????????????????????? | | #???# + ###????????????????????????? | | #???# # ""#????????????????????????? | | #???# "T" # ! %""#????????????????????????? | | #???# """ # = = T"#??????+#####????????????? | | #???#+######## [%=%""#????? ????????????? | | #???? #??????#[! "!%%""#????? ?????????????? | | ##### #??????#[! ""=!###???? ???????????????? | | #??????# T"% ##????? #????????????????? | | # ######## "" ####### #????????????????? | | # "" ! + ???????????? | | # =%== # ???????????? | | # %==%! # ???????????? | | # ####################m #????????????????? | | # #??????????# # % #????????????????? | | # #??????????# + %g +????????????????? | | # #??????????# # ######????????????????? | | # #??????????######### ## #??????????????????? | | # #???????????????#####g#####??????????????????? | | # #???????????????# #??????????????????? | | # #???????????????# #??????????????????? | | # #???????????????# #??????????????????? | | # #???????????????# #??????????????????? | | # #???????????????# = @ #??????????????????? | | # #???????????????#] g #??????????????????? | | # #???????????????# m ???????????????? | | # #???????????????# #####??????????????? | | # #???????????????####+######??????????????????? | | # #????????????????????????????????????????????? | | # #????????????????????????????????????????????? | | # #????????????????????????????????????????????? | | # #????????????????????????????????????????????? | | # +????????????????????????????????????????????? | | # #????????????????????????????????????????????? | | + #????????????????????????????????????????????? | | # #????????????????????????????????????????????? | | # #????????????????????????????????????????????? | | # #????????????????????????????????????????????? | | #####????????????????????????????????????????????? | | ?????????????????????????????????????????????????? | | ?????????????????????????????????????????????????? | | ?????????????????????????????????????????????????? | | ?????????????????????????????????????????????????? | | ?????????????????????????????????????????????????? | | ?????????????????????????????????????????????????? | | ?????????????????????????????????????????????????? | | ?????????????????????????????????????????????????? | | ?????????????????????????????????????????????????? | +----------------------------------------------------+ Best States ------------- Heat Dissipation 28 Energy Generation 10 Energy Capacity 125 Matter Stores 300 Matter Capacity 300 Sight Range 16 Terrain Scan Density 10 Evasion (%) 55 Item Schematics ----------------- None Robot Schematics ------------------ None Fabricated ------------ Nothing Repaired ---------- Nothing Studied --------- None Alien Tech Used ----------------- None Achievements -------------- A Problem For Future Me You Again Challenges ------------ None Game ------ Seed SystemActuatorDiverter Manual? 0 Play Time 00:08:19 Cumulative 34.7 hours Start 2026.03.02 @ 15:41:43 End 2026.03.02 @ 15:53:07 Sessions 1 Manual Loads 0 Difficulty Rogue Special Mode None Game No. 33 Rogue 33 Adventurer 0 Explorer 0 Win Type - Total 3 Types 2/0/1/0/0/0/0/0/0/0 Lore% 27 Gallery% 33 Achievement% 27 Wizard Run 0 Options --------- Layout 1 ASCII 0 Keyboard 0 Movement Mouse Keybinds 0 Fullscreen 1 Font 24/Smallcaps Map View 50x35 Zoom Use 0% Tactical HUD 1 Map Filters NONE Filters NONE Steam 1 RUN: 4301f595-311a-4770-858d-c4b83318b938